Map: Кровавое диско РВ

Players

MаXGrig - Winner!

  • Race: Terran Terran
  • League: Diamond
  • Spawn Location: 9:00

ИИ 1 (эксперт)

  • Race: Terran Terran
  • Spawn Location: 3:00

VOD

Have the link to the VOD?

Description

Time

  • Played on: Oct. 19, 2019, 2:03 a.m.
  • Length: 9:39
Show
View Real Time Build Order
Export as new Build Order

MаXGrig Terran - Winner!

Build Orders: Gas First Reaper Expand, Liberator Opening 

Get SALT Encoding   

  12  0:00  SCV  
  13  0:12  SCV  
  14  0:17  Supply Depot  
  14  0:24  SCV  
  14  0:27  Refinery  
  15  0:38  SCV  
  16  0:45  Barracks  
  16  0:51  SCV  
  17  1:03  SCV  
  18  1:15  SCV  
  19  1:32  Orbital Command  
  19  1:33  Reaper  
  20  1:47  Command Center  
  20  1:57  SCV  
  21  2:03  Factory  
  21  2:06  Barracks Reactor  
  21  2:09  SCV  
  22  2:15  Supply Depot  
  22  2:21  SCV  
  23  2:24  Refinery  
  23  2:37  SCV  
  24  2:49  Starport  
  24  2:52  SCV  
  25  2:59  Hellion x2  
  25  3:03  Orbital Command  
  25  3:04  SCV  
  30  3:17  Barracks Tech Lab  
  30  3:21  Hellion x2  
  34  3:27  Medivac  
  34  3:29  SCV x2  
  38  3:34  Supply Depot  
  38  3:45  Liberator  
  38  3:46  SCV x2  
  40  3:58  SCV x2, Marine x2  
  47  4:03  Siege Tank  
  50  4:10  SCV  
  51  4:20  Marine x2  
  51  4:22  SCV  
  54  4:25  Supply Depot  
  54  4:47  Siege Tank, Marine x2, SCV x2  
  54  4:49  Supply Depot x2  
  54  4:51  Supply Depot  
  61  4:59  SCV  
  62  5:10  Marine, SCV  
  62  5:11  SCV  
  65  5:27  Armory  
  65  5:31  Marine x2  
  65  5:32  Siege Tank, SCV  
  65  5:33  SCV  
  72  5:39  Command Center  
  72  5:40  Command Center  
  72  5:41  Supply Depot  
  72  5:47  Barracks  
  72  5:49  Barracks, Marine  
  73  5:53  SCV x2  
  75  6:05  SCV x2  
  75  6:08  Marine x2  
  79  6:17  SCV x2  
  81  6:20  Siege Tank  
  84  6:26  Marine  
  85  6:37  Barracks Tech Lab  
  85  6:45  Starport Reactor  
  85  6:47  Barracks Reactor  
  85  7:10  Marine x3  
  85  7:11  Widow Mine  
  85  7:12  SCV x2  
  92  7:15  Orbital Command  
  92  7:16  Orbital Command  
  92  7:19  Stimpack  
  92  7:24  SCV x2  
  92  7:28  Engineering Bay, Refinery  
  92  7:29  Refinery  
  94  7:30  Engineering Bay  
  94  7:33  Siege Tank  
  94  7:36  SCV  
  98  7:45  Marine  
  98  7:46  Marine x4  
  98  7:47  SCV x3  
  98  7:48  SCV  
  107  7:59  SCV x2  
  107  8:00  SCV  
  110  8:29  Hellion x4  
  110  8:43  Marine x2  
  110  8:44  Marine x3  
  115  9:01  Marine x2  
  108  9:14  Marine x3  
  111  9:19  Marine x2  
Show
View Real Time Build Order
Export as new Build Order

ИИ 1 (эксперт) Terran 

Build Orders: 2 Factory, Mech 

Get SALT Encoding   

  12  0:00  SCV  
  13  0:13  SCV  
  14  0:18  Supply Depot  
  14  0:25  SCV  
  15  0:39  SCV  
  16  0:42  Barracks  
  16  0:51  SCV  
  17  1:04  SCV  
  18  1:16  SCV, Supply Depot  
  19  1:21  Refinery  
  19  1:28  SCV  
  19  1:29  Marine  
  21  1:40  SCV  
  22  1:47  Marine  
  22  1:50  Refinery  
  22  1:52  SCV  
  24  2:04  SCV  
  24  2:05  Marine  
  26  2:16  SCV  
  26  2:20  Factory  
  27  2:22  Marine  
  27  2:28  SCV  
  29  2:39  Factory  
  29  2:40  Marine, SCV  
  29  2:42  Supply Depot  
  31  2:52  Orbital Command  
  31  3:04  Marine  
  31  3:05  Factory Tech Lab  
  32  3:18  SCV  
  33  3:21  Marine, Command Center  
  33  3:24  Factory Tech Lab  
  33  3:30  SCV  
  34  3:42  SCV  
  35  3:54  SCV  
  36  4:02  Barracks  
  36  4:06  SCV  
  37  4:15  Supply Depot  
  30  4:18  SCV  
  31  4:30  SCV  
  31  4:33  SCV  
  26  4:42  SCV  
  26  4:45  SCV  
  28  4:54  SCV  
  28  4:57  SCV  
  29  5:01  Marine  
  29  5:02  Hellion  
  29  5:04  Hellion  
  29  5:07  SCV  
  35  5:09  SCV  
  36  5:19  SCV  
  34  5:21  SCV  
  34  5:23  Siege Tank  
  38  5:31  SCV  
  38  5:33  Siege Tank, SCV  
  43  5:43  SCV  
  44  5:57  Barracks Tech Lab, Hellion  
  44  6:00  Factory  
  46  6:05  Siege Tank  
  49  6:18  Siege Tank  
  52  6:25  Command Center  
  52  6:36  Marauder  
  52  6:37  Hellion  
  55  6:49  Supply Depot  
  55  6:57  Marauder  
  41  7:04  SCV  
  41  7:17  SCV  
  41  7:19  Marauder  
  41  7:22  SCV  
  45  7:29  SCV  
  46  7:34  SCV  
  43  7:47  SCV  
  44  7:54  SCV  
  45  8:01  SCV  
  46  8:08  SCV  
  44  8:16  SCV  
  45  8:22  Marine  
  34  8:41  SCV  
  35  8:53  SCV  
  23  9:03  SCV  
Tags
 
Add a new tag
Caveats
  • Supply blocks, unpowered buildings, or Contaminate may cause inaccurate times.
  • Supply counts are checked every 10 seconds.